 Dungeon Sprint DCSS version 0.26-a0-1107-g6118521029 (webtiles) character file.

Game seed: 9881982698841357351

381 sahdkjhfkaj the Nimble (level 6, -3/49 HPs)
             Began as a Felid Berserker on Dec 17, 2020.
             Was an Elder of Trog.
             Slain by Duvessa
             ... wielding a +0 rapier
              (5 damage)
             ... in the Dungeon (Sprint VII: "The Pits").
             The game lasted 00:01:49 (729 turns).

sahdkjhfkaj the Nimble (Felid Berserker)             Turns: 729, Time: 00:01:49

Health: -3/49      AC:  2    Str: 15    XL:     6   Next: 46%
Magic:  7/7        EV: 25    Int:  9    God:    Trog [****..]
Gold:   0          SH:  0    Dex: 15    Spells: 5/5 levels left
                                        Lives:  0   Deaths: 1

rFire    . . .     SeeInvis +     - Unarmed
rCold    . . .     Faith    .   (shield unavailable)
rNeg     . . .     Spirit   .   (armour unavailable)
rPois    .         Reflect  .   (helmet unavailable)
rElec    .         Harm     .   (cloak unavailable)
rCorr    .         Rampage  .   (gloves unavailable)
Will     .....     NoTele   +   (boots unavailable)
Stlth    ..........             (no amulet)
HPRegen  0.16/turn              (no ring)
MPRegen  0.10/turn              (no ring)

@: berserking, very quick
A: very small, no armour, no weapons or thrown items, stealth, claws 1, fangs 3,
see invisible, speed 1, shaggy fur 2, sharp paws
a: Berserk, Trog's Hand, Brothers in Arms, Renounce Religion


You were in the Dungeon.
You worshipped Trog.
Trog was greatly pleased with you.
You visited 1 branch

Inventory:

Scrolls
 f - a scroll of blinking
 h - 3 scrolls of remove curse
 i - a scroll of summoning
Potions
 a - 6 potions of curing
 b - 6 potions of heal wounds
 c - a potion of haste
 d - 4 potions of magic
 e - 3 potions of berserk rage
 g - 2 potions of invisibility


   Skills:
 + Level 8.0 Fighting
 + Level 10.4 Dodging
 + Level 10.3 Stealth
 + Level 8.0 Unarmed Combat


You had 5 spell levels left.
You didn't know any spells.
Your spell library was empty.

Dungeon Overview and Level Annotations

Branches:
Dungeon (1/1)

Altars:
Ashenzari
Cheibriados
Dithmenos
Elyvilon
Fedhas
Gozag
Hepliaklqana
Kikubaaqudgha
Makhleb
Nemelex Xobeh
Okawaru
Qazlal
Ru
Sif Muna
Trog
Uskayaw
Vehumet
Wu Jian
Xom
Yredelemnul
Zin
The Shining One
Beogh
Jiyva
Lugonu

Annotations:
D Dowan, Duvessa


Innate Abilities, Weirdness & Mutations

You cannot wear armour.
You are incapable of wielding weapons or throwing items.
Your paws allow you to move quietly. (Stealth)
You have sharp claws.
You have razor-sharp teeth.
You have supernaturally acute eyesight. (SInv)
You cover ground quickly.
You are covered in thick fur. (AC +2)
Your sharp claws are effective at attacking unaware monsters.


Message History

Duvessa is lightly wounded.
Duvessa hits you with a +0 rapier!
* * * LOW HITPOINT WARNING * * *
You claw Duvessa!
Duvessa is moderately wounded.
Dowan completely misses you. Duvessa barely misses you.
You scratch Duvessa.
Duvessa is moderately wounded.
You scratch Duvessa.
Duvessa is moderately wounded.
Duvessa completely misses you.
Dowan gestures wildly while chanting.
Dowan blinks!
You scratch Duvessa. You bite Duvessa.
Duvessa is heavily wounded.
Duvessa completely misses you.
You claw Duvessa!
Duvessa is almost dead.
Duvessa hits you with a +0 rapier.
You die...

#.#[[###'####.......#
#(##'#.÷.).##...<...#
#.#........##.......#
#.#........##.......#
#'###########.......#
#...(...#.. #########
#..#.#..#.#
#.##.##.#e#
#.......#@#
#.##.##.#§+
#..#.#..#e#
#)......'†#
###########


You could see Duvessa (fast) and Dowan.

Vanquished Creatures
  A warg (D)
  A floating eye (D)
  A sky beast (D)
  A black bear (D)
  3 worker ants (D)
  A river rat (D)
  An ufetubus (D)
  2 oozes (D)
  A hobgoblin (D)
  A ball python (D)
  2 bats (D)
  2 goblins (D)
  A kobold (D)
18 creatures vanquished.

Notes
Turn   | Place    | Note
-------+----------+-------------------------------------------
     0 | D        | sahdkjhfkaj the Felid Berserker began the quest for the
                  | Orb.
     0 | D        | Reached XP level 1. HP: 10/10 MP: 2/2
    20 | D        | Found a bloodstained altar of Trog.
    20 | D        | Found a shimmering blue altar of Sif Muna.
    20 | D        | Found a viscous altar of Jiyva.
    20 | D        | Found a hazy altar of Hepliaklqana.
    20 | D        | Found an opulent altar of Gozag.
    21 | D        | Found a glowing golden altar of the Shining One.
    21 | D        | Found a glowing silver altar of Zin.
    21 | D        | Found a basalt altar of Yredelemnul.
    21 | D        | Found a shimmering altar of Xom.
    21 | D        | Found an ornate altar of the Wu Jian Council.
    21 | D        | Found a sacrificial altar of Ru.
    21 | D        | Found a stormy altar of Qazlal.
    21 | D        | Found an iron altar of Okawaru.
    21 | D        | Found a sparkling altar of Nemelex Xobeh.
    21 | D        | Found a burning altar of Makhleb.
    21 | D        | Found a blossoming altar of Fedhas.
    21 | D        | Found a white marble altar of Elyvilon.
    21 | D        | Found a shadowy altar of Dithmenos.
    21 | D        | Found a snail-covered altar of Cheibriados.
    22 | D        | Found a radiant altar of Vehumet.
    22 | D        | Found a corrupted altar of Lugonu.
    22 | D        | Found a roughly hewn altar of Beogh.
    23 | D        | Found an ancient bone altar of Kikubaaqudgha.
    23 | D        | Found a hide-covered altar of Uskayaw.
    23 | D        | Found a broken altar of Ashenzari.
    64 | D        | Noticed a worker ant
    69 | D        | Killed a worker ant
    70 | D        | Reached skill level 5 in Dodging
    70 | D        | Reached XP level 2. HP: 14/15 MP: 3/3
    73 | D        | Reached ** piety under Trog
    74 | D        | Reached XP level 3. HP: 13/18 MP: 4/4
   396 | D        | Reached skill level 5 in Stealth
   404 | D        | Reached *** piety under Trog
   405 | D        | Reached skill level 5 in Fighting
   405 | D        | Reached skill level 5 in Unarmed Combat
   405 | D        | Reached XP level 4. HP: 23/23 MP: 5/5
   609 | D        | Noticed a warg
   611 | D        | Noticed a black bear
   628 | D        | Killed a warg
   629 | D        | Reached XP level 5. HP: 22/28 MP: 6/6
   633 | D        | Reached **** piety under Trog
   643 | D        | Slain by a black bear
   644 | D        | Reached XP level 4. HP: -1/24 MP: 5/5
   695 | D        | Noticed a black bear
   697 | D        | Killed a black bear
   698 | D        | Reached XP level 5. HP: 28/28 MP: 6/6
   702 | D        | Noticed Duvessa
   702 | D        | Noticed Dowan
   702 | D        | Noticed a sky beast
   702 | D        | Noticed a floating eye
   704 | D        | Killed a floating eye
   704 | D        | Reached ***** piety under Trog
   705 | D        | Reached skill level 10 in Dodging
   705 | D        | Gained mutation: You are covered in thick fur. (AC +2)
                  | [Felid growth]
   705 | D        | Reached XP level 6. HP: 33/33 MP: 7/7
   722 | D        | Killed a sky beast
   723 | D        | Reached skill level 10 in Stealth
   724 | D        | HP: 1/49 [Duvessa/+0 rapier (7)]
   729 | D        | Slain by Duvessa

Illustrated notes

Levels and vault maps discovered:
D:        pitsprint [storerooms_1, entrance_room_1, metal_vault_8, armoury_3,
          mini_pit_1, grid_room_1, main_hall_1, silver_pit, the_coven_1,
          the_vestibule_1, steel_vault_2, golden_pit, hallway_of_sentries,
          crystal_vault_3, iron_vault_1, final_vault]

Skill      XL: |  1  2  3  4  5  6 |
---------------+-------------------+-----
Fighting       | 4 5 7 8 |  8.0
Dodging        | 5 6 9 10 | 10.4
Stealth        | 3 4 5 9 10 | 10.3
Unarmed Combat | 4 5 7 8 |  8.0

Action                   |  1- 3 |  4- 6 || total
-------------------------+-------+-------++-------
Melee: Unarmed           |    26 |    35 ||    61
       Bite              |     1 |     2 ||     3
       Punch             |     2 |     2 ||     4
Invok: Berserk           |     3 |     2 ||     5
       Brothers in Arms  |       |     1 ||     1
 Stab: Sleeping          |       |     4 ||     4
Armor: Skin              |     2 |       ||     2
Dodge: Dodged            |    40 |    42 ||    82

Table legend: (Time is in decaauts)
 A = Elapsed time spent in this place.
 B = Non-inter-level travel time spent in this place.
 C = Inter-level travel time spent in this place.
 D = Time resting spent in this place.
 E = Time spent auto-exploring this place.
 F = Levels seen in this place.
 G = Mean time per level.
                   A        B        C        D        E       F      G
               +--------+--------+--------+--------+--------+-----+--------+
         Total |    710 |    677 |     33 |    480 |      0 |   1 |  710.0 |
       Dungeon |    710 |    677 |     33 |    480 |      0 |   1 |  710.0 |
               +--------+--------+--------+--------+--------+-----+--------+

Top non-repeatable levels by time:
       D: 710 daAuts
